 Dungeon Crawl Stone Soup version 0.32-a0-20-ge526923d97 (webtiles) character file.

Game seed: 13076900143268296169

2762 BigPumpCobain the Cleaver (level 9, -8/67 (79) HPs)
             Began as a Minotaur Berserker on Jan 17, 2024.
             Was an Elder of Trog.
             Mangled by a wight
             ... wielding a +0 dire flail
              (10 damage)
             ... on level 7 of the Dungeon.
             The game lasted 00:08:00 (5857 turns).

BigPumpCobain the Cleaver (Minotaur Berserker)      Turns: 5857, Time: 00:08:00

HP:   -8/67 (79)    AC: 14    Str: 26    XL:     9   Next: 42%
MP:   8/8           EV: 10    Int:  4    God:    Trog [****..]
Gold: 277           SH:  0    Dex: 16    Spells: 8/8 levels left

rFire   . . .        a - +1 hand axe
rCold   . . .        (no shield)
rNeg    . . .        D - +0 plate armour
rPois   .            (helmet restricted)
rElec   .            (no cloak)
rCorr   .            r - +0 pair of gloves
SInv    .            (no boots)
Will    .....        w - amulet of reflection Stlth
                     n - +6 ring of dexterity
HPRegen 0.31/turn    (no ring)
MPRegen 0.11/turn

%: reflection
@: confused, heavily drained
A: horns 2, retaliatory headbutt
a: Renounce Religion, Berserk, Trog's Hand, Brothers in Arms


You were on level 7 of the Dungeon.
You worshipped Trog.
Trog was greatly pleased with you.
You visited 1 branch of the dungeon, and saw 7 of its levels.
You also visited: Sewer.

You collected 277 gold pieces.

Inventory:

Hand Weapons
 a - a +1 hand axe (weapon)
Missiles
 b - 4 silver javelins (quivered)
 h - 3 datura-tipped darts
 p - a boomerang
 E - 2 throwing nets
Armour
 r - a +0 pair of gloves (worn)
 D - a +0 plate armour (worn)
Jewellery
 g - a +6 ring of intelligence
 n - a +6 ring of dexterity (left hand)
 s - a +6 ring of intelligence
 w - an amulet of reflection (around neck)
 x - a ring of fire
Wands
 C - a wand of charming (13)
Scrolls
 c - a scroll of fear
 f - a scroll of revelation
 i - 2 scrolls of noise
 k - 2 scrolls of enchant weapon
 o - 6 scrolls of teleportation
 q - 3 scrolls of identify
 u - a scroll of immolation {unknown}
 y - a scroll of enchant armour {unknown}
 B - 2 scrolls of blinking {unknown}
 F - a scroll of amnesia {unknown}
Potions
 d - a potion of haste {unknown}
 e - 4 potions of curing
 j - 2 potions of resistance {unknown}
 l - a potion of might {unknown}
 m - a potion of brilliance {unknown}
 t - 2 potions of enlightenment
 v - 2 potions of cancellation {unknown}
 z - a potion of lignification {unknown}
 A - a potion of attraction {unknown}


   Skills:
 + Level 7.4 Fighting
 * Level 9.8 Axes
 + Level 4.9 Throwing
 + Level 6.7 Armour
 + Level 6.1 Dodging


You had 8 spell levels left.
You didn't know any spells.
Your spell library was empty.

Dungeon Overview and Level Annotations

Branches:
Dungeon (7/15)             Temple (0/1) D:5           Sewer (visited)

Altars:
Qazlal
Ru
Sif Muna

Shops:
D:1 !   D:2 *   D:4 [


Innate Abilities, Weirdness & Mutations

You have a pair of horns on your head.
You reflexively headbutt those who attack you in melee.


Message History

The wight is moderately damaged.
You closely miss the orc. You hit the orc but do no damage.
You hit the orc wizard. You barely miss the wight. You hit the orc.
You kill the orc!
Trog accepts your kill. The orc closely misses you.
The wight hits you but does no damage.
The orc hits you with a +2 whip of electrocution.
* * * LOW HITPOINT WARNING * * *
The orc wizard mumbles some strange words.
The orc wizard flickers and vanishes!
The wight hits you with a +0 dire flail.
* * * LOW HITPOINT WARNING * * *
You feel drained.
* * * LOW HITPOINT WARNING * * *
You hit the wight but do no damage. Your headbutt misses the wight.
The wight is moderately damaged.
You hit the orc but do no damage. You barely miss something. You hit the wight.
You miss the orc. The orc barely misses you. The orc closely misses you.
Something hits you but does no damage.
Okay, then.
You barely miss the wight.
The wight is moderately damaged.
You hit the orc but do no damage. You hit something but do no damage.
You hit the wight. You hit the orc.
The wight hits you with a +0 dire flail.
* * * LOW HITPOINT WARNING * * *
You feel drained.
* * * LOW HITPOINT WARNING * * *
You hit the wight.
The wight is heavily damaged.
You hit the wight but do no damage. You barely miss the orc.
You closely miss the orc. You hit something but do no damage.
The orc hits you but does no damage. The wight closely misses you.
You hear some strange, mumbled words.
A magic dart appears from out of thin air!
The magic dart hits you.
* * * LOW HITPOINT WARNING * * *
The orc barely misses you.
The wight hits you with a +0 dire flail!
You die...

..........>.......
...)))..........## #.###
........#........##....!
......†.##.............
.................#......
..........##.#......#)..
##.#####...#.#..........
#.# ##.......z{).....#
#.###..#..#.##z@#..#.
#..##.# #...ozzoo......
##.##.# #...†W#o....#..
#.##.# ##....oo#......
#..#.# #..##.#..###...
##...###o###.#...# ..
##.....o....#...# .
#...............#
#................#


You could see a phantom, 4 wights, 2 orc wizards and 5 orcs.

Vanquished Creatures
  Grinder (D:6)
  Edmund (D:6)
  Duvessa (D:6)
  A water moccasin (D:7)
  2 black bears
  2 ice beasts (D:5)
  A sky beast (D:6)
  An ogre (D:4)
  2 kobold brigands
  2 bullfrogs (D:7)
  5 scorpions
  A wight (D:7)
  Dowan (D:6)
  2 bombardier beetles
  5 jellies
  4 hounds
  2 orc priests
  3 iguanas
  4 sleepcaps
  Terence (D:2)
  6 orc wizards
  4 gnolls (D:7)
  2 river rats (Sewer)
  10 adders
  A white imp (D:5)
  2 ufetubi (D:7)
  A ribbon worm (D:4)
  4 dart slugs
  17 orcs
  9 ball pythons
  4 bats
  8 endoplasms
  5 giant cockroaches
  7 goblins
  10 hobgoblins
  5 jackals
  18 kobolds
  2 quokkas
  A frilled lizard (D:2)
  13 rats
171 creatures vanquished.

Notes
Turn   | Place    | Note
-------+----------+-------------------------------------------
     0 | D:1      | BigPumpCobain the Minotaur Berserker began the quest for
                  | the Orb.
     0 | D:1      | Reached XP level 1. HP: 19/19 MP: 0/0
    34 | D:1      | Found Veno's Distillery.
   190 | D:1      | Reached XP level 2. HP: 27/27 MP: 1/1
   227 | D:1      | Reached skill level 4 in Axes
   537 | D:1      | Reached XP level 3. HP: 33/33 MP: 2/2
   973 | D:2      | Found Nuddoowusm's General Store.
  1028 | D:2      | Reached ** piety under Trog
  1157 | D:2      | Noticed Terence
  1166 | D:2      | Killed Terence
  1167 | D:2      | Reached XP level 4. HP: 40/40 MP: 3/3
  1572 | D:2      | Reached skill level 1 in Throwing
  1951 | D:3      | Reached skill level 5 in Axes
  1951 | D:3      | Reached XP level 5. HP: 34/47 MP: 4/4
  2293 | D:3      | Found a faded altar of an unknown god.
  2855 | D:4      | Reached XP level 6. HP: 53/53 MP: 5/5
  2881 | D:4      | Reached skill level 6 in Axes
  2885 | D:4      | Found Jiegoy's Antique Armour Emporium.
  2890 | D:4      | Reached *** piety under Trog
  2891 | D:4      | Reached skill level 5 in Fighting
  2913 | D:4      | Reached XP level 7. HP: 38/61 MP: 6/6
  2948 | D:4      | Found a shimmering blue altar of Sif Muna.
  3613 | D:5      | Entered Level 5 of the Dungeon
  3621 | D:5      | Reached skill level 7 in Axes
  3735 | D:5      | Reached skill level 5 in Armour
  3737 | D:5      | Reached XP level 8. HP: 70/70 MP: 7/7
  3899 | D:5      | Found a glowing drain.
  3912 | Sewer    | Entered a sewer
  4102 | Sewer    | Found a white marble altar of Elyvilon.
  4253 | D:5      | Found a stormy altar of Qazlal.
  4287 | D:5      | Reached skill level 8 in Axes
  4289 | D:5      | Reached skill level 5 in Dodging
  4369 | D:5      | Found a staircase to the Ecumenical Temple.
  4602 | D:6      | Found a sacrificial altar of Ru.
  4751 | D:6      | Reached **** piety under Trog
  4778 | D:6      | Noticed Duvessa
  4778 | D:6      | Noticed Dowan
  4794 | D:6      | Killed Duvessa
  4796 | D:6      | Killed Dowan
  4991 | D:6      | Noticed Edmund
  5008 | D:6      | Killed Edmund
  5009 | D:6      | Reached skill level 9 in Axes
  5009 | D:6      | Reached XP level 9. HP: 46/78 MP: 8/8
  5116 | D:6      | Noticed Grinder
  5132 | D:6      | Killed Grinder
  5857 | D:7      | HP: 2/67 [something/magic dart (5)]
  5857 | D:7      | Mangled by a wight

Illustrated notes

Levels and vault maps discovered:
D:1:      scummos_arrival_gate, layout_basic, serial_shops, shop,
          hangedman_decor_points, minmay_tromino_v4_a
D:2:      layout_basic, serial_shops, shop, uniq_terence
D:3:      layout_loops_corners, shapermc_ecumenical_altar_mp_vishouse,
          minmay_unequal
D:4:      layout_rooms, mainiacjoe_overflow_small_starburst, serial_shops, shop,
          amcnicky_mini_pool_small, st_stairs_7, grunt_decor_clamped,
          nicolae_twisty_statue_hallways
D:5:      layout_basic, general_overflow_altar,
          minmay_temple_entry_proselytizer, portal_sewer_entry_a
D:6:      layout_basic, nicolae_ru_sacrificial_ziggurat,
          chequers_serial_rivers_micro_c, uniq_grinder, uniq_duvessa,
          uniq_edmund
D:7:      layout_rooms

Skill      XL: |  1  2  3  4  5  6  7  8  9 |
---------------+----------------------------+-----
Axes           | 4 5 6 7 9 |  9.8
Fighting       | 4 5 6 7 |  7.4
Armour         | 3 4 5 6 |  6.7
Dodging        | 3 4 5 6 |  6.1
Throwing       | 1 2 3 4 |  4.9

Action                     |  1- 3 |  4- 6 |  7- 9 || total
---------------------------+-------+-------+-------++-------
  Melee: Hand axe          |    63 |   134 |   274 ||   471
         Headbutt          |     8 |    19 |    63 ||    90
         Punch             |       |       |     5 ||     5
  Throw: Javelin           |     4 |     4 |     9 ||    17
 Invoke: Berserk           |     1 |     1 |       ||     2
         Trog's Hand       |       |     2 |       ||     2
    Use: Scroll            |       |     7 |       ||     7
 Armour: Animal skin       |    18 |       |       ||    18
         Chain mail        |    24 |   114 |   144 ||   282
         Plate armour      |       |       |    59 ||    59
  Dodge: Dodged            |    47 |    57 |   147 ||   251
  Block: Other             |       |       |    17 ||    17
         Reflection        |       |       |     1 ||     1

Table legend: (Time is in decaauts)
 A = Elapsed time spent in this place.
 B = Non-inter-level travel time spent in this place.
 C = Inter-level travel time spent in this place.
 D = Time resting spent in this place.
 E = Time spent auto-exploring this place.
 F = Levels seen in this place.
 G = Mean time per level.
                   A        B        C        D        E       F      G
               +--------+--------+--------+--------+--------+-----+--------+
         Total |   5890 |   5565 |    325 |    146 |   4462 |   8 |  736.2 |
       Dungeon |   5635 |   5310 |    325 |    146 |   4259 |   7 |  805.0 |
         Sewer |    254 |    254 |      0 |      0 |    203 |   1 |  254.0 |
               +--------+--------+--------+--------+--------+-----+--------+

Top non-repeatable levels by time:
     D:3: 1139 daAuts
     D:6: 1085 daAuts
     D:1: 904 daAuts
     D:2: 831 daAuts
     D:4: 775 daAuts
     D:5: 720 daAuts
   Sewer: 254 daAuts
     D:7: 179 daAuts
